 Dungeon Crawl Stone Soup version 0.26-a0-504-g0cf647090d (webtiles) character file.

Game seed: 18219200483798295115

107 Ge0ff the Ruffian (level 4, -7/34 HPs)
             Began as a Barachi Warper on Aug 8, 2020.
             Killed by divine providence
             ... invoked by an orc priest
              (15 damage)
             ... on level 8 of the Dungeon.
             The game lasted 00:09:48 (738 turns).

Ge0ff the Ruffian (Barachi Warper)                   Turns: 738, Time: 00:09:49

Health: -7/34      AC:  8    Str: 13    XL:     4   Next: 85%
Magic:  7/7        EV:  6    Int: 13    God:
Gold:   66         SH:  0    Dex: 12    Spells: 7/7 levels left

rFire    . . .     SeeInvis .     - Unarmed
rCold    . . .     Faith    .   (no shield)
rNeg     . . .     Spirit   .   J - +0 chain mail
rPois    .         Reflect  .   (no helmet)
rElec    .         Harm     .   (no cloak)
rCorr    .                      (no gloves)
MR       .....                  (no boots)
Stlth    ..........             (no amulet)
HPRegen  0.11/turn              (no ring)
MPRegen  0.10/turn              (no ring)

@: can't hop, slow
A: +LOS, swims, slowness 1, strong legs 1
a: Hop


You were on level 8 of the Dungeon.
You visited 1 branch of the dungeon, and saw 8 of its levels.

You collected 66 gold pieces.

Inventory:

Missiles
 d - 2 boomerangs of dispersal {don't train}
 D - 6 boomerangs (quivered) {don't train}
 K - 9 poisoned darts {don't train}
Armour
 a - a +0 leather armour
 G - a +0 ring mail
 J - a +0 chain mail (worn)
Wands
 k - a wand of iceblast (7)
Scrolls
 i - a scroll of identify
Potions
 q - a potion of curing
 F - a potion of degeneration {unknown}


   Skills:
 - Level 2.4 Fighting
 - Level 1.0 Throwing
 - Level 1.2 Armour
 - Level 2.1 Dodging
 + Level 5.3 Unarmed Combat
 - Level 2.1 Spellcasting
   Level 3.2 Translocations


You had 7 spell levels left.
You didn't know any spells.
Your spell library contained the following spells:

 Spells                   Type           Power        Failure   Level
 Blink                    Tloc           N/A          97%         2
 Gell's Gravitas          Tloc           #.........   100%        3
 Lesser Beckoning         Tloc           #.........   100%        3
 Teleport Other           Tloc           #.......     100%        3
 Passage of Golubria      Tloc           N/A          100%        4


Dungeon Overview and Level Annotations

Branches:
Dungeon (7/15)
 Temple: D:4-7

Altars:
Cheibriados
Fedhas
Trog
Vehumet
The Shining One


Innate Abilities, Weirdness & Mutations

You can be seen from farther away. (+LOS)
You can swim through water.
You cover ground slowly.
You can hop short distances.


Message History

Your legs are too worn out to hop. x2
Press: ? - help, Dir - move target cursor Boing!
Use which ability? (? or * to list)
Okay, then.
Use which ability? (? or * to list)
Your legs are too worn out to hop. x2
Press: ? - help, Dir - move target cursor Boing!
Found a scroll of blinking.
Use which ability? (? or * to list)
Your legs are too worn out to hop. x2
Press: ? - help, Dir - move target cursor Boing! 3 orcs and an orc priest come into view.
The orc shouts! x2; The orc priest shouts!
You hear a shout!
Found a kite shield.
The orc priest calls down the wrath of Beogh upon you.
Beogh smites you!
You die...

#..#.....##.#.#.#.. ##.#
........##†#.#5#.##[#.#
#..##.#.#..#.#.#.#YO[#.
#..##.....).#.#y#.#!##.
#.......#..5#.#.#.##...
#......##..#.#.#...###
###...# #..#.#.####...
#...###○.#.#.y.Z.###
#..@.....#.######...
#...###..#.......###
#..............########...
................. .
#.....oo.........
#.......o..####..
.#...##...#. .## ..#..
#.o#... ## . .# ..#....#


You could see an orc priest and 3 orcs.

Vanquished Creatures
  A bullfrog (D:6)
  A shadow imp (D:6)
  An adder skeleton (D:4)
  A worm (D:2)
  A dart slug (D:2)
  2 orcs (D:2)
  2 hobgoblins (D:2)
  4 jackals (D:8)
  A quokka (D:6)
  A frilled lizard (D:2)
  2 goblins
  3 kobolds
  A leopard gecko skeleton (D:5)
  An orc zombie (D:7)
  3 rats
25 creatures vanquished.

Notes
Turn   | Place    | Note
-------+----------+-------------------------------------------
     0 | D:1      | Ge0ff the Barachi Warper began the quest for the Orb.
     0 | D:1      | Reached XP level 1. HP: 17/17 MP: 3/3
   103 | D:2      | Reached XP level 2. HP: 23/23 MP: 5/5
   122 | D:2      | Reached skill level 3 in Unarmed Combat
   302 | D:4      | Noticed an ogre
   322 | D:4      | Reached XP level 3. HP: 5/28 MP: 6/6
   331 | D:4      | Noticed a phantom
   355 | D:4      | Found a blossoming altar of Fedhas.
   355 | D:4      | Found a radiant altar of Vehumet.
   355 | D:4      | Found a bloodstained altar of Trog.
   356 | D:4      | Found a snail-covered altar of Cheibriados.
   358 | D:5      | Entered Level 5 of the Dungeon
   420 | D:6      | Noticed a bullfrog
   438 | D:6      | Killed a bullfrog
   438 | D:6      | Reached skill level 5 in Unarmed Combat
   438 | D:6      | Reached XP level 4. HP: 5/34 MP: 7/7
   493 | D:7      | Found a glowing golden altar of the Shining One.
   681 | D:6      | You fall into a shaft and drop 2 floors!
   724 | D:8      | Noticed an ogre
   726 | D:8      | Noticed an ice beast
   731 | D:8      | Noticed an orc warrior
   738 | D:8      | Killed from afar by an orc priest

Illustrated notes

Levels and vault maps discovered:
D:1:      matt_arrival_diagonals, layout_basic
D:2:      layout_basic, minmay_pentomino_s2, uniq_crazy_yiuf_cottage,
          uniq_natasha, uniq_jessica
D:3:      layout_rooms, minmay_crystal_water
D:4:      layout_cave_pools, chequers_temple_overflow_statue_of_worship
D:5:      layout_rooms, basic_altar, lightli_sewer_entry_pipes
D:6:      kennysheep_six_static_rooms, layout_basic,
          minmay_temple_entry_glassed_door, serial_shops, nicolae_shop_trees
D:7:      cheibrodos_fertilizer, layout_rooms, nicolae_tso_besieged_by_evil,
          hangedman_ru_absence
D:8:      minmay_distorted_concentric_squares, layout_loops_cross,
          nrook_mini_backslash, minivault_26

Skill      XL: |  1  2  3 |
---------------+----------+-----
Unarmed Combat | 3 5 |  5.3
Fighting       | |  2.4
Throwing       | |  1.0
Armour         | |  1.2
Dodging        | |  2.1
Spellcasting   | |  2.1
Translocations | |  3.2

Action                   |  1- 3 |  4- 6 || total
-------------------------+-------+-------++-------
Melee: Unarmed           |    72 |    29 ||   101
       Punch             |     1 |     1 ||     2
Throw: Boomerang         |    27 |     7 ||    34
       Dart              |     5 |     3 ||     8
 Abil: Hop               |     1 |    28 ||    29
  Use: Scroll            |     4 |     2 ||     6
       Potion            |     1 |       ||     1
Armor: Chain mail        |    26 |    28 ||    54
       Ring mail         |     8 |       ||     8
Dodge: Dodged            |    24 |    12 ||    36

Table legend: (Time is in decaauts)
 A = Elapsed time spent in this place.
 B = Non-inter-level travel time spent in this place.
 C = Inter-level travel time spent in this place.
 D = Time resting spent in this place.
 E = Time spent auto-exploring this place.
 F = Levels seen in this place.
 G = Mean time per level.
                   A        B        C        D        E       F      G
               +--------+--------+--------+--------+--------+-----+--------+
         Total |    836 |    836 |      0 |      0 |      0 |   8 |  104.5 |
       Dungeon |    836 |    836 |      0 |      0 |      0 |   8 |  104.5 |
               +--------+--------+--------+--------+--------+-----+--------+

Top non-repeatable levels by time:
     D:6: 308 daAuts
     D:2: 293 daAuts
     D:4: 67 daAuts
     D:8: 59 daAuts
     D:5: 38 daAuts
     D:1: 30 daAuts
     D:3: 28 daAuts
     D:7: 9 daAuts
